AoeStats
← DelhiayJolory

Arabia

509878803Analyzed
2v2 RM · 3d ago on Sep 28, 2026· 51m 50s· 4 players
Game mode
Random Map
Map size
Medium (4 player)
Population
200
Speed
Normal
Resources
Standard
Victory
Conquest
Starting age
Dark Age
Ending age
Imperial Age
RankedLock teamsTeams togetherTeam positionsShared explorationLock speedFull tech treeHidden civsTurbo modeCheats
Victory
Defeat
🇹🇷 Khmer · Türkiye
1005
+16
🇪🇸 Spanish · Spain
966
+18
🇨🇳 Tatars · China
1094
-21
🇨🇳 Magyars · China
914
-13
强力枇杷露
6:57 Loom
9:19 Feudal Age
7:35 Loom
10:03 Double-Bit Axe
12:12 Horse Collar
18:05 Wheelbarrow
20:51 Castle Age
19:00 Gold Mining
19:38 Fletching
20:20 Bloodlines
20:42 Padded Archer Armor
21:51 Bodkin Arrow
24:00 Bow Saw
26:40 Husbandry
30:35 Ballistics
30:01 Light Cavalry
31:30 Stone Mining
38:30 Imperial Age
37:16 Scale Barding Armor
37:22 Forging
40:43 Chemistry
41:02 Conscription
41:05 Bracer
41:53 Hand Cart
42:04 Chain Barding Armor
42:07 Conscription
45:21 Plate Barding Armor
DelhiayJolory
9:39 Feudal Age
10:11 Loom
10:40 Double-Bit Axe
20:11 Castle Age
19:47 Stone Mining
21:12 Husbandry
21:38 Bow Saw
23:21 Gold Mining
calibanlegend
7:29 Loom
9:46 Feudal Age
10:43 Double-Bit Axe
15:32 Horse Collar
21:34 Castle Age
19:41 Gold Mining
20:07 Stone Mining
22:30 Wheelbarrow
21:44 Town Watch
22:35 Wheelbarrow
27:22 Scale Barding Armor
27:31 Husbandry
29:33 Bloodlines
29:47 Chain Barding Armor
33:38 Stone Shaft Mining
34:21 Heavy Plow
34:34 Bow Saw
40:31 Imperial Age
38:57 Elite Skirmisher
39:33 Fletching
40:25 Hand Cart
41:55 Conscription
41:51 Padded Archer Armor
41:52 Bodkin Arrow
43:08 Two-Man Saw
42:46 Ballistics
44:41 Chemistry
44:00 Leather Archer Armor
43:49 Bracer
45:09 Town Patrol
46:21 Ring Archer Armor
48:14 Forging
48:05 Scale Mail Armor
49:02 Chain Mail Armor
49:30 Iron Casting
49:05 Pikeman
49:48 Squires
50:24 Plate Mail Armor
49:58 Halberdier
51:42 Blast Furnace
50:36 Spies/Treason
i.yildirim35
5:35 Loom
9:50 Feudal Age
10:42 Double-Bit Axe
11:54 Horse Collar
14:49 Gold Mining
20:57 Castle Age
19:53 Bloodlines
19:50 Scale Barding Armor
19:55 Forging
20:16 Forging
22:18 Chain Barding Armor
22:33 Iron Casting
22:43 Husbandry
25:22 Bow Saw
30:17 Gold Shaft Mining
29:47 Heavy Plow
40:55 Imperial Age
40:58 Cavalier
49:09 Plate Barding Armor
50:58 Wheelbarrow
51:37 Town Watch
Connection lost

Rejoining the realm…

Still unreachable

The connection could not be restored.

Session expired

The server has moved on; the page needs a fresh start.